Map: Daybreak LE (Void)

Players

Neeb - Winner!

  • Race: Protoss Protoss
  • Spawn Location: 7:00

Probe

  • Race: Protoss Protoss
  • League: Grandmaster
  • Spawn Location: 1:00

Event: NationWars IV

VOD

Have the link to the VOD?

Description

Time

  • Played on: Dec. 23, 2016, 12:44 p.m.
  • Length: 8:18
Show
View Real Time Build Order
Export as new Build Order

Neeb Protoss - Winner!

Build Orders:  

Get SALT Encoding   

  12  0:01  Probe (Chrono Boost)  
  13  0:11  Probe (Chrono Boost)  
  14  0:18  Pylon  
  14  0:22  Probe (Chrono Boost)  
  15  0:36  Probe (Chrono Boost), Gateway  
  16  0:42  Assimilator  
  16  0:47  Probe (Chrono Boost)  
  17  0:51  Assimilator  
  17  0:57  Probe (Chrono Boost)  
  18  1:05  Gateway  
  18  1:08  Probe (Chrono Boost)  
  19  1:19  Probe (Chrono Boost)  
  19  1:24  Cybernetics Core  
  20  1:30  Probe (Chrono Boost)  
  21  1:36  Pylon  
  21  1:40  Probe (Chrono Boost)  
  21  1:47  Warp Gate  
  22  1:51  Probe (Chrono Boost)  
  24  2:03  Probe (Chrono Boost)  
  24  2:06  Stalker  
  24  2:07  Stalker  
  30  2:17  Mothership Core (Chrono Boost)  
  30  2:21  Pylon  
  30  2:39  Stalker x2  
  34  3:04  Nexus  
  35  3:17  Stalker  
  35  3:18  Stalker  
  38  3:32  Probe (Chrono Boost)  
  39  3:34  Pylon  
  39  3:52  Probe (Chrono Boost)  
  40  3:55  Stalker x2  
  44  4:03  Probe (Chrono Boost)  
  44  4:05  Robotics Facility  
  45  4:14  Probe (Chrono Boost)  
  44  4:27  Stalker  
  44  4:28  Stalker  
  44  4:29  Probe (Chrono Boost)  
  49  4:32  Probe (Chrono Boost)  
  50  4:39  Probe (Chrono Boost)  
  50  4:43  Probe (Chrono Boost)  
  52  4:51  Probe (Chrono Boost), Observer  
  53  4:53  Probe (Chrono Boost), Twilight Council  
  53  4:56  Adept x2  
  59  5:04  Probe x2 (Chrono Boost)  
  61  5:13  Pylon  
  61  5:14  Probe (Chrono Boost)  
  62  5:21  Immortal  
  62  5:24  Probe (Chrono Boost)  
  62  5:26  Probe (Chrono Boost)  
  60  5:34  Blink  
  61  5:36  Probe x2 (Chrono Boost)  
  56  5:44  Sentry x2  
  56  5:46  Assimilator  
  56  5:48  Probe x2 (Chrono Boost), Assimilator  
  62  5:50  Pylon  
  62  5:56  Immortal  
  62  6:00  Probe x2 (Chrono Boost)  
  68  6:06  Pylon  
  68  6:12  Gateway  
  68  6:13  Gateway  
  68  6:16  Gateway  
  68  6:21  Gateway  
  68  6:26  Gateway  
  68  6:29  Sentry  
  68  6:30  Sentry  
  72  6:35  Warp Prism  
  74  6:53  Stalker x2  
  76  7:15  Stalker x2  
  76  7:16  Stalker x2  
  82  7:36  Observer  
  82  7:38  Nexus, Pylon  
  82  7:41  Stalker  
  85  7:44  Pylon  
  81  8:06  Stalker x4  
  81  8:07  Stalker x3  
Show
View Real Time Build Order
Export as new Build Order

Probe Protoss 

Build Orders: Blink Stalkers 

Get SALT Encoding   

  12  0:01  Probe (Chrono Boost)  
  13  0:12  Probe (Chrono Boost)  
  14  0:19  Pylon  
  14  0:23  Probe (Chrono Boost)  
  15  0:38  Probe (Chrono Boost), Gateway  
  16  0:43  Assimilator  
  16  0:48  Probe (Chrono Boost)  
  17  0:52  Assimilator  
  17  0:59  Probe (Chrono Boost)  
  18  1:06  Gateway  
  18  1:09  Probe (Chrono Boost)  
  19  1:20  Probe (Chrono Boost)  
  20  1:25  Cybernetics Core  
  20  1:30  Probe (Chrono Boost)  
  21  1:40  Pylon  
  21  1:41  Probe (Chrono Boost)  
  22  1:51  Probe (Chrono Boost)  
  23  1:55  Warp Gate  
  23  2:02  Stalker  
  23  2:03  Stalker  
  29  2:09  Mothership Core (Chrono Boost)  
  29  2:17  Pylon  
  29  2:28  Probe (Chrono Boost)  
  30  2:35  Stalker  
  32  2:39  Stalker  
  32  2:42  Probe (Chrono Boost)  
  35  2:56  Probe (Chrono Boost)  
  36  3:10  Nexus  
  35  3:20  Twilight Council  
  35  3:25  Probe (Chrono Boost)  
  36  3:29  Pylon  
  37  3:42  Probe (Chrono Boost)  
  37  3:43  Blink  
  37  3:48  Robotics Facility  
  37  3:54  Probe (Chrono Boost)  
  38  4:01  Sentry  
  40  4:06  Probe (Chrono Boost)  
  41  4:13  Stalker  
  44  4:18  Probe (Chrono Boost)  
  44  4:20  Pylon  
  42  4:30  Pylon, Gateway  
  42  4:35  Stalker  
  43  4:44  Probe (Chrono Boost)  
  42  4:54  Stalker  
  42  4:59  Stalker  
  46  5:02  Immortal  
  50  5:18  Adept  
  50  5:22  Adept  
  45  5:30  Stalker  
  42  5:42  Stalker x2  
  36  5:48  Probe (Chrono Boost)  
  39  5:55  Stalker  
  40  6:02  Probe (Chrono Boost)  
  40  6:03  Probe (Chrono Boost)  
  42  6:09  Sentry  
  44  6:13  Probe (Chrono Boost)  
  45  6:20  Probe (Chrono Boost)  
  45  6:23  Dark Shrine  
  46  6:26  Probe (Chrono Boost)  
  46  6:32  Probe (Chrono Boost)  
  48  6:36  Probe (Chrono Boost)  
  49  6:41  Stalker  
  49  6:42  Probe (Chrono Boost)  
  54  6:48  Probe (Chrono Boost)  
  54  6:51  Warp Prism  
  54  6:53  Probe (Chrono Boost)  
  56  7:03  Probe x2 (Chrono Boost)  
  56  7:07  Pylon  
  57  7:15  Probe (Chrono Boost)  
  57  7:16  Probe (Chrono Boost)  
  57  7:22  Sentry  
  60  7:25  Stalker x2  
  60  7:27  Probe (Chrono Boost)  
  61  7:38  Mothership Core (Chrono Boost)  
  61  7:39  Probe (Chrono Boost)  
  62  7:51  Pylon  
  62  7:56  Dark Templar  
  62  7:57  Pylon  
  63  7:59  Probe (Chrono Boost)  
  63  8:03  Stalker x2  
  57  8:06  Probe (Chrono Boost)  
  57  8:09  Dark Templar  
Tags
 
Add a new tag
Caveats
  • Supply blocks, unpowered buildings, or Contaminate may cause inaccurate times.
  • Supply counts are checked every 10 seconds.